 Dungeon Crawl Stone Soup version 0.30-b1-2-g02819fbbbe (webtiles) character file.

Game seed: 18374553706286414136

154493 Anothat the Marksspriggan (level 16, -5/95 HPs)
             Began as a Spriggan Hunter on May 7, 2023.
             Was the Champion of Okawaru.
             Killed by the air
             ... invoked by a spriggan air mage
              (20 damage)
             ... on level 2 of the Swamp.
             The game lasted 01:17:52 (28308 turns).

Anothat the Marksspriggan (Spriggan Hunter)        Turns: 28308, Time: 01:17:53

Health: -5/95      AC:  9    Str:  7    XL:     16   Next: 78%
Magic:  24/24      EV: 39    Int: 15    God:    Okawaru [******]
Gold:   1578       SH:  5    Dex: 27    Spells: 15/15 levels left

rFire   . . .        c - +5 arbalest (flame)
rCold   + . .        (shield currently unavailable)
rNeg    . . .        E - +2 robe {Will+}
rPois   +            i - +0 hat of Hospitality {Int+2 Dex+3}
rElec   .            X - +0 cloak of Lachrymose Awe {rPois rC+}
rCorr   .            (gloves unavailable)
SInv    +            (boots unavailable)
Will    +++..        x - amulet of reflection
Stlth   +++          m - ring of poison resistance
HPRegen 0.35/turn    H - +4 ring of protection
MPRegen 0.19/turn

%: reflection
@: studying Fighting, invisible, very quick
A: very small, no large weapons, unfitting armour, see invisible, speed 3
}: 1/15 runes: serpentine
a: Renounce Religion, Heroism, Finesse, Duel


You were on level 2 of the Swamp.
You worshipped Okawaru.
Okawaru was exalted by your worship.
You visited 6 branches of the dungeon, and saw 27 of its levels.
You also visited: Bailey.

You collected 3960 gold pieces.
You spent 2382 gold pieces at shops.

Inventory:

Hand Weapons
 a - a +1 hand crossbow of electrocution
 c - a +5 arbalest of flaming (weapon)
 l - a +1 arbalest of flaming
 C - the +10 shortbow of Okawaru's Generosity {freeze, rCorr Str+2 Dex+3}
   (Okawaru gifted it to you on level 2 of the Orcish Mines)

   Str:       It affects your strength (+2).
   Dex:       It affects your dexterity (+3).
   rCorr:     It protects you from acid and corrosion.
Missiles
 z - 2 throwing nets
 N - 3 atropa-tipped darts
Armour
 i - the +0 hat of Hospitality (worn) {Int+2 Dex+3}
   (Okawaru gifted it to you on level 3 of the Snake Pit)

   Int:       It affects your intelligence (+2).
   Dex:       It affects your dexterity (+3).
 y - the +0 cloak of Yroc Remape {rN+ Str+3}
   (You bought it in a shop on level 4 of the Snake Pit)

   Str:       It affects your strength (+3).
   rN:        It protects you from negative energy.
 E - a +2 robe of willpower (worn)
 K - a +2 hat
 Q - the +1 robe of Fallacy {Rampage}
   (Okawaru gifted it to you on level 4 of the Snake Pit)

   Rampage:   It bestows one free step when moving towards enemies.
 U - the +0 robe "Sepp" {rPois SInv}
   (You bought it in a shop on level 2 of the Orcish Mines)

   rPois:     It protects you from poison.
   SInv:      It lets you see invisible.
 X - the +0 cloak of Lachrymose Awe (worn) {rPois rC+}
   (Okawaru gifted it to you on level 1 of the Snake Pit)

   rC:        It protects you from cold.
   rPois:     It protects you from poison.
Jewellery
 k - a +4 ring of protection
 m - a ring of poison resistance (left hand)
 x - an amulet of reflection (around neck)
 A - the amulet of Heresy {Acrobat rN++}
   (You found it in a bailey)

   [amulet of the acrobat]

   It increases your evasion while moving and waiting.
   rN:        It greatly protects you from negative energy.
 G - a +5 ring of evasion
 H - a +4 ring of protection (right hand)
 J - an amulet of magic regeneration
 M - a +6 ring of dexterity
 P - a ring of resist corrosion
 S - a +5 ring of evasion
 V - an amulet of regeneration
Wands
 u - a wand of quicksilver (13)
 w - a wand of roots (53)
 I - a wand of mindburst (11)
 T - a wand of flame (19)
Scrolls
 b - 3 scrolls of immolation
 g - 16 scrolls of teleportation
 h - 3 scrolls of enchant weapon
 q - 6 scrolls of identify
 B - a scroll of fog
 O - 3 scrolls of amnesia
 R - a scroll of magic mapping
Potions
 e - 4 potions of flight
 f - 5 potions of lignification
 j - 5 potions of brilliance
 n - 6 potions of might
 o - 6 potions of curing
 p - 4 potions of attraction
 r - 5 potions of cancellation
 s - 4 potions of degeneration
 t - 5 potions of magic
 v - 2 potions of haste
 D - a potion of berserk rage
 L - a potion of resistance
 W - 3 potions of ambrosia


   Skills:
 + Level 15.0 Fighting
 + Level 20.7 Ranged Weapons
 + Level 17.7 Dodging
 - Level 1.5 Stealth
 - Level 9.4 Invocations


You had 15 spell levels left.
You didn't know any spells.
Your spell library contained the following spells:

 Spells                   Type           Power      Damage    Failure   Level
 Apportation              Tloc           0%         N/A       26%         1
 Foxfire                  Conj/Fire      0%         2x1d4     26%         1
 Necrotise                Necr           0%         1d4       26%         1
 Sandblast                Erth           0%         2d4       26%         1
 Shock                    Conj/Air       0%         1d3       26%         1
 Passwall                 Tmut/Erth      0%         N/A       38%         2
 Portal Projectile        Hex/Tloc       0%         N/A       63%         3
 Stone Arrow              Conj/Erth      0%         3d7       63%         3
 Swiftness                Air            0%         N/A       63%         3
 Volatile Blastmotes      Fire/Tloc      0%         2d10      63%         3
 Airstrike                Air            0%         2d(0-16)  95%         4
 Fulminant Prism          Conj/Hex       0%         3d5       95%         4
 Iskenderun's Mystic Bla  Conj/Tloc      0%         2d3       95%         4
 Leda's Liquefaction      Hex/Erth       0%         N/A       95%         4
 Alistair's Intoxication  Tmut/Pois      0%         N/A       100%        5
 Blade Hands              Tmut           0%         N/A       100%        5
 Fireball                 Conj/Fire      0%         3d3       100%        5
 Lee's Rapid Deconstruct  Erth           0%         3d4*      100%        5
 Plasma Beam              Fire/Air       0%         2x1d11    100%        6
 Starburst                Conj/Fire      0%         6d3       100%        6
 Statue Form              Tmut/Erth      0%         N/A       100%        6
 Storm Form               Tmut/Air       0%         N/A       100%        7
 Maxwell's Capacitive Co  Air            0%         ∞         100%        8
 Summon Small Mammal      Summ           Unusable   N/A       N/A         1
 Tukima's Dance           Hex            Unusable   N/A       N/A         3
 Summon Lightning Spire   Summ/Air       Unusable   N/A       N/A         4

Dungeon Overview and Level Annotations

Branches:
Dungeon (12/15)            Temple (1/1) D:5            Lair (5/5) D:8
  Swamp (3/4) Lair:2        Snake (4/4) Lair:3        Slime (0/5) Lair:5
    Orc (2/2) D:11            Elf (0/3) Orc:2        Bailey (visited)

Altars:
Ashenzari
Cheibriados
Elyvilon
Gozag
Hepliaklqana
Kikubaaqudgha
Okawaru
Ru
Trog
Uskayaw
Xom
Yredelemnul
Zin
The Shining One
Jiyva

Shops:
D:1 (   D:7 (   Orc:2 ::[   Snake:1 ::=   Snake:4 :[?!:!

Portals:
Abyss: Lair:4

Annotations:
D:4 3 runed translucent doors, Rayvis's ghost, amateur MiFi
D:11 3 runed translucent doors
Lair:3 1 runed translucent door, bl3nd3r's ghost, journeyman MiBe
Lair:4 2 transporters, Hiywul's ghost, journeyman MiHu
Orc:2 3 runed translucent doors, Discosetron's ghost, journeyman BaHu; Notanamesir's ghost, journeyman DsMo; raph's ghost, journeyman MiFi


Innate Abilities, Weirdness & Mutations

You are very small and have problems with some larger weapons.
You are too small for most types of armour.
You have supernaturally acute eyesight. (SInv)
You cover ground extremely quickly. (Speed+++)


Message History

Press: ? - help, Shift-Dir - straight line, f/p - spriggan air mage
Aim: a spriggan air mage, wearing a +0 robe (almost dead, repelling missiles, 18% to hit)
The bolt of dispelling energy misses the spriggan air mage.
The spriggan air mage misses you.
Aiming: Quicksilver Bolt
Press: ? - help, Shift-Dir - straight line, f/p - spriggan air mage
Aim: a spriggan air mage, wearing a +0 robe (almost dead, repelling missiles, 18% to hit)
The bolt of dispelling energy misses the spriggan air mage.
The spriggan air mage waves its arms in wide circles.
The air twists around and strikes you!
* * * LOW HITPOINT WARNING * * *
You feel much better.
The spriggan air mage waves its arms in wide circles.
The air twists around and strikes you!!
* * * LOW HITPOINT WARNING * * *
You feel much better.
The spriggan air mage closely misses you.
Press: ? - help, v - describe, . - travel
Here: a spriggan air mage, wearing a +0 robe (almost dead, repelling missiles) Some shallow water.
Okay, then.
Okay, then.
The spriggan air mage hits you but does no damage.
You climb upwards.
There is a stone staircase leading down here.
As you read the scroll of fear, it crumbles to dust.
You assume a fearsome visage.
The spriggan air mage resists with almost no effort.
The spriggan air mage waves its arms in wide circles.
The air twists around and strikes you!!
* * * LOW HITPOINT WARNING * * *
Okay, then.
You fade into invisibility!
The spriggan air mage completely misses you.
Blink to where?
Press: ? - help, Dir - move target
As you read the scroll of blinking, it crumbles to dust.
The spriggan air mage waves its arms in wide circles.
The air twists around and strikes you!!
You die...

.♣ ♣.~~~.♣~♣♣♣~♣.~~♣~♣~~~..♣ ♣♣
♣~~~~~§....~...♣♣♣...~~.♣ ♣
♣~~~i.~~~~~..♣♣♣♣♣.♣♣~~.♣♣ ♣
♣♣~~~§.~~..§~♣♣ ♣..~~~§..♣ ♣♣
♣...~§♣~~~~~♣♣ ♣~§~~~~♣.♣♣ .♣
♣...<..~^~§~♣ ♣♣~..~.~...♣ >♣
♣....~~~~.~~♣ ♣..~♣~~~)~~. .♣
♣~..~~.§~§~.♣ ♣♣§♣~♣~~~)~~~ .♣♣
♣§~~....~.~@♣♣♣♣.~~~...~~♣~. ..♣♣
♣..~~♣..♣~~~♣♣~~.~~~~~~~...~
~.~♣♣♣~.~~..♣♣..~♣.♣~.§...~~.~~.♣
..~.♣~~.~~♣♣♣♣♣....~§.~~~~♣~.♣~~~
♣.~♣~~.!~♣♣ ♣.♣.♣~§~♣~.~~....~~
♣..♣♣..♣♣♣ ♣.♣.~~~~~~.~~.♣~~~♣
♣♣..~.♣♣ ♣♣.~.~~~.~~~...~~~.~
♣♣..~..♣♣ ♣♣....♣~~~~.♣♣~....~~
♣~~♣♣~..♣♣♣♣♣....~~~~.♣♣♣...~~.♣.


You could see a spriggan air mage (repels missiles).

Vanquished Creatures
  Jorgrun (Snake:3)
  Mlioglotl (Snake:3)
  A thorn hunter (Swamp:2)
  Agnes (Snake:2)
  7 nagarajas
  Louise (Swamp:1)
  Aizul (Snake:1)
  An orc warlord (Orc:1)
  An eleionoma (Swamp:2)
  Nessos (Lair:3)
  4 bunyips (Swamp:2)
  Josephine (Orc:2)
  5 hydras
  A salamander tyrant (Snake:1)
  4 ghost crabs
  2 alligators
  9 anacondas
  Erica (D:8)
  A two-headed ogre (D:11)
  A boulder beetle (D:11)
  14 naga warriors
  15 naga sharpshooters
  5 orc high priests
  10 shock serpents
  3 goliath frogs (Swamp:2)
  A spriggan druid (Swamp:2)
  5 salamander mystics
  5 sea snakes (Snake:4)
  6 naga ritualists
  A swamp dragon (Swamp:1)
  2 orc knights
  4 orc sorcerers
  8 mana vipers
  2 will-o-the-wisps (Swamp:2)
  23 salamanders
  4 elephants (Lair:3)
  7 guardian serpents
  29 black mambas
  An unseen horror (D:10)
  14 cane toads
  14 naga magi
  Maggie (D:6)
  5 komodo dragons
  3 trolls
  3 bloated husks (Swamp:1)
  6 tyrant leeches
  11 hornets
  13 blink frogs
  9 spriggans
  2 vampires
  A shadow (D:11)
  6 wraiths
  21 yaks
  6 humans (D:7)
  5 wyverns
  2 basilisks
  5 vampire mosquitoes (Swamp:1)
  3 steam dragons
  Menkaure (D:4)
  37 nagas
  8 wargs
  2 acid dragons
  10 swamp worms
  19 water moccasins
  A swamp drake (Swamp:2)
  2 ice beasts
  A sky beast (D:7)
  3 black bears
  30 orc warriors
  9 wolves
  3 centaurs
  6 ogres
  A phantom (D:5)
  6 kobold brigands
  10 bullfrogs
  4 gnoll sergeants (D:11)
  4 scorpions
  7 wights
  4 killer bees (D:9)
  5 howler monkeys
  2 electric eels (D:9)
  3 hounds
  4 iguanas
  8 jellies
  2 gnoll boudas
  29 orc priests
  34 orc wizards
  Robin (D:3)
  19 gnolls
  9 adders
  A white imp (D:6)
  2 worms (D:4)
  4 dart slugs
  91 orcs
  4 endoplasms
  15 goblins
  10 hobgoblins
  9 jackals
  7 quokkas
  8 ball pythons
  3 bats
  2 frilled lizards
  27 kobolds
  3 rats
790 creatures vanquished.

Vanquished Creatures (others)
  A hornet (Swamp:2)
  A bloated husk (Swamp:1)
  A hound (D:7)
  An orc (D:7)
  4 foxfires (Swamp:2)
  15 fungi
  53 plants
  4 withered plants (Orc:2)
80 creatures vanquished.

Grand Total: 870 creatures vanquished

Notes
Turn   | Place    | Note
-------+----------+-------------------------------------------
     0 | D:1      | Anothat the Spriggan Hunter began the quest for the Orb.
     0 | D:1      | Reached XP level 1. HP: 10/10 MP: 2/2
   109 | D:1      | Reached XP level 2. HP: 15/15 MP: 3/3
   149 | D:1      | Found Fogeang's Weapon Emporium.
   414 | D:1      | Found a faded altar of an unknown god.
   634 | D:2      | Reached XP level 3. HP: 18/18 MP: 4/4
   693 | D:2      | Reached skill level 5 in Ranged Weapons
  1171 | D:2      | Reached XP level 4. HP: 23/23 MP: 5/5
  1426 | D:3      | Noticed Robin
  1437 | D:3      | Killed Robin
  1998 | D:4      | Noticed a hornet
  1998 | D:4      | Noticed Rayvis's ghost (amateur MiFi)
  1998 | D:4      | Noticed a phantom
  1998 | D:4      | Found a runed translucent gate.
  1998 | D:4      | Found a runed translucent gate.
  1998 | D:4      | Found a runed translucent gate.
  2063 | D:4      | Reached XP level 5. HP: 27/27 MP: 6/6
  2275 | D:4      | Noticed an orc warrior
  2344 | D:4      | Killed an orc warrior
  2345 | D:4      | Reached skill level 6 in Ranged Weapons
  2431 | D:4      | Found a white marble altar of Elyvilon.
  2526 | D:4      | Reached XP level 6. HP: 32/32 MP: 7/7
  2624 | D:4      | Noticed Menkaure
  2640 | D:4      | Killed Menkaure
  2652 | D:4      | Reached skill level 7 in Ranged Weapons
  2857 | D:4      | Reached XP level 7. HP: 37/37 MP: 8/8
  3234 | D:5      | Entered Level 5 of the Dungeon
  3261 | D:5      | Reached skill level 8 in Ranged Weapons
  3500 | D:5      | Reached XP level 8. HP: 42/42 MP: 9/9
  3591 | D:5      | Reached skill level 9 in Ranged Weapons
  3624 | D:5      | Reached skill level 5 in Fighting
  3747 | D:5      | Found a staircase to the Ecumenical Temple.
  3838 | Temple   | Entered the Ecumenical Temple
  3838 | Temple   | Noticed a lorocyproca
  3838 | Temple   | Noticed a green death
  3840 | Temple   | Noticed Boinket the pandemonium lord
  3840 | Temple   | Noticed an ice devil
  3842 | Temple   | Noticed Zayd the pandemonium lord
  3843 | Temple   | Noticed a blizzard demon
  3866 | Temple   | Noticed Udyaso the pandemonium lord
  4119 | Temple   | Became a worshipper of Warmaster Okawaru
  4123 | Temple   | Noticed Ganunk the pandemonium lord
  4615 | D:6      | Reached skill level 10 in Ranged Weapons
  4636 | D:6      | Noticed Maggie
  4667 | D:6      | Killed Maggie
  4667 | D:6      | Reached * piety under Okawaru
  4672 | D:6      | Reached XP level 9. HP: 45/48 MP: 10/10
  5044 | D:7      | Found Egoodoca's Weapon Boutique.
  5172 | D:7      | Reached ** piety under Okawaru
  5266 | D:7      | Reached skill level 11 in Ranged Weapons
  5304 | D:7      | Noticed a komodo dragon
  5332 | D:7      | Killed a komodo dragon
  5483 | D:7      | Reached *** piety under Okawaru
  5484 | D:7      | Reached skill level 12 in Ranged Weapons
  5903 | D:8      | Reached XP level 10. HP: 55/55 MP: 11/11
  6015 | D:8      | Found a staircase to the Lair.
  6097 | D:8      | HP: 2/55 [something/ball of steam (15)]
  6375 | D:8      | Reached **** piety under Okawaru
  6540 | D:8      | Noticed Erica
  6571 | D:8      | Killed Erica
  6572 | D:8      | Reached skill level 13 in Ranged Weapons
  7017 | D:9      | HP: 1/56 [acid dragon/splash of acid (23)]
  7034 | D:9      | Reached ***** piety under Okawaru
  7434 | D:9      | Reached skill level 1 in Invocations
  7685 | D:9      | Found a flagged portal.
  7696 | Bailey   | Entered a bailey
  8064 | Bailey   | Noticed an orc knight
  8102 | Bailey   | Killed an orc knight
  8103 | Bailey   | Reached skill level 14 in Ranged Weapons
  8169 | Bailey   | Reached XP level 11. HP: 60/60 MP: 13/13
  8213 | Bailey   | Found the +10 tower shield of Ignorance {rN+ Int-4}
  8216 | Bailey   | Identified the amulet of Heresy {Acrobat rN++}
  8580 | Lair:1   | Entered Level 1 of the Lair of Beasts
  8926 | Lair:1   | Identified the +2 hat of the Hanged Man {-Tele Harm rElec
                  | rC+ Dex+5} (Okawaru gifted it to you on level 1 of the Lair
                  | of Beasts)
  8926 | Lair:1   | Received a gift from Okawaru
  9250 | Lair:1   | Reached skill level 5 in Dodging
  9624 | Lair:1   | Noticed a five-headed hydra
  9675 | Lair:1   | Killed a five-headed hydra
 10213 | Lair:2   | Noticed a six-headed hydra
 10299 | Lair:2   | Killed a six-headed hydra
 10429 | Lair:2   | Reached skill level 15 in Ranged Weapons
 10440 | Lair:2   | Found a staircase to the Swamp.
 11163 | Lair:3   | Found a runed translucent door.
 11225 | Lair:3   | Reached XP level 12. HP: 53/66 MP: 16/16
 11312 | Lair:3   | Reached skill level 5 in Invocations
 11320 | Lair:3   | Received a gift from Okawaru
 11429 | Lair:3   | Noticed Nessos
 11438 | Lair:3   | Killed Nessos
 11764 | Lair:3   | Found a staircase to the Snake Pit.
 12042 | Lair:3   | Noticed bl3nd3r's ghost (journeyman MiBe)
 12272 | Lair:4   | Reached skill level 16 in Ranged Weapons
 12472 | Lair:4   | Reached ****** piety under Okawaru
 12512 | Lair:4   | Found a transporter.
 12514 | Lair:4   | Found a one-way gate to the infinite horrors of the Abyss.
 12514 | Lair:4   | Noticed Hiywul's ghost (journeyman MiHu)
 12525 | Lair:4   | Found a transporter.
 12884 | Lair:4   | Identified a scroll of acquirement
 12884 | Lair:4   | Acquired 573 gold pieces
 13026 | Lair:5   | Entered Level 5 of the Lair of Beasts
 13254 | Lair:5   | Noticed a five-headed hydra
 13279 | Lair:5   | Killed a five-headed hydra
 13400 | Lair:5   | Received a gift from Okawaru
 13473 | Lair:5   | Found a staircase to the Slime Pits.
 13488 | Lair:5   | Found a viscous altar of Jiyva.
 13529 | Lair:5   | Found a white marble altar of Elyvilon.
 13952 | D:10     | Entered Level 10 of the Dungeon
 14207 | D:10     | Received a gift from Okawaru
 14444 | D:10     | Reached skill level 10 in Fighting
 14533 | D:10     | Reached XP level 13. HP: 72/72 MP: 19/19
 14917 | D:11     | Found a staircase to the Orcish Mines.
 15121 | D:11     | Found a runed translucent gate.
 15121 | D:11     | Found a runed translucent gate.
 15121 | D:11     | Found a runed translucent gate.
 15217 | D:11     | Reached skill level 10 in Dodging
 15600 | D:11     | Acquired 702 gold pieces
 15676 | Orc:1    | Entered Level 1 of the Orcish Mines
 15905 | Orc:1    | You fall into a shaft and drop 1 floor!
 15905 | Orc:2    | Entered Level 2 of the Orcish Mines
 15948 | Orc:2    | Found a staircase to the Elven Halls.
 15982 | Orc:2    | Reached skill level 17 in Ranged Weapons
 16052 | Orc:2    | Noticed Josephine
 16182 | Orc:2    | Found a runed translucent gate.
 16183 | Orc:2    | Found a runed translucent gate.
 16184 | Orc:2    | Found a runed translucent gate.
 16185 | Orc:2    | Noticed Notanamesir's ghost (journeyman DsMo)
 16185 | Orc:2    | Noticed raph's ghost (journeyman MiFi)
 16185 | Orc:2    | Noticed Discosetron's ghost (journeyman BaHu)
 16221 | Orc:2    | Identified the +10 shortbow of Okawaru's Generosity
                  | {freeze, rCorr Str+2 Dex+3} (Okawaru gifted it to you on
                  | level 2 of the Orcish Mines)
 16221 | Orc:2    | Received a gift from Okawaru
 16257 | Orc:1    | Noticed an orc warlord
 16257 | Orc:1    | Found a shimmering altar of Xom.
 16317 | Orc:1    | Killed an orc warlord
 17179 | Orc:2    | Killed Josephine
 17322 | Orc:2    | Identified the +6 shortbow of Patience {freeze, rF- Will+
                  | Dex+4} (Okawaru gifted it to you on level 2 of the Orcish
                  | Mines)
 17322 | Orc:2    | Received a gift from Okawaru
 17626 | Orc:2    | Found Qinkor's Book Shoppe.
 17626 | Orc:2    | Found Kitroan's Book Shoppe.
 17627 | Orc:2    | Found Uta Fab's Antique Weapon Emporium.
 17631 | Orc:2    | Found Zyif's Antique Armour Emporium.
 17635 | Orc:2    | Bought a smoking robe for 205 gold pieces
 17635 | Orc:2    | Identified the +0 robe "Sepp" {rPois SInv} (You bought it
                  | in a shop on level 2 of the Orcish Mines)
 18024 | Swamp:1  | Entered Level 1 of the Swamp
 18440 | Snake:1  | Entered Level 1 of the Snake Pit
 18488 | Snake:1  | Reached XP level 14. HP: 57/77 MP: 21/21
 18677 | Snake:1  | Reached skill level 18 in Ranged Weapons
 19046 | Snake:1  | Identified the +0 cloak of Lachrymose Awe {rPois rC+}
                  | (Okawaru gifted it to you on level 1 of the Snake Pit)
 19046 | Snake:1  | Received a gift from Okawaru
 20094 | Snake:1  | Found Ugeant's Jewellery Emporium.
 20094 | Snake:1  | Found Ynod's Book Shop.
 20096 | Snake:1  | Found Koics's Book Shop.
 20185 | Snake:1  | Noticed Aizul
 20216 | Snake:1  | Killed Aizul
 20646 | Snake:2  | Noticed Agnes
 20681 | Snake:2  | Killed Agnes
 20681 | Snake:2  | Received a gift from Okawaru
 21165 | Snake:3  | Noticed Jorgrun
 21228 | Snake:3  | Noticed a nagaraja
 21250 | Snake:2  | Killed a nagaraja
 21572 | Snake:3  | Reached XP level 15. HP: 82/84 MP: 23/23
 21710 | Snake:3  | Killed Jorgrun
 21711 | Snake:3  | Reached skill level 19 in Ranged Weapons
 21961 | Snake:3  | Received a gift from Okawaru
 23001 | Snake:3  | Received a gift from Okawaru
 23617 | Snake:3  | Noticed Mlioglotl
 23627 | Snake:3  | Noticed a bone dragon
 23646 | Snake:3  | Killed Mlioglotl
 23682 | Snake:3  | Reached skill level 15 in Dodging
 23723 | Snake:3  | Identified the +0 hat of Hospitality {Int+2 Dex+3} (Okawaru
                  | gifted it to you on level 3 of the Snake Pit)
 23723 | Snake:3  | Received a gift from Okawaru
 23828 | Snake:4  | Entered Level 4 of the Snake Pit
 24033 | Snake:4  | Found Axienuek's Distillery.
 24083 | Snake:4  | Found Urotyvu's Self-Improvement Boutique.
 24092 | Snake:4  | Bought a manual of Fighting for 1200 gold pieces
 24108 | Snake:4  | Found Tiaxzayf's Magic Scroll Shoppe.
 24125 | Snake:4  | Bought a potion of heal wounds for 100 gold pieces
 24125 | Snake:4  | Bought 2 potions of heal wounds for 200 gold pieces
 24358 | Snake:4  | Found Wohisk's Antique Armour Shoppe.
 24367 | Snake:4  | Bought an ancient cloak for 389 gold pieces
 24367 | Snake:4  | Identified the +0 cloak of Yroc Remape {rN+ Str+3} (You
                  | bought it in a shop on level 4 of the Snake Pit)
 24659 | Snake:4  | Found Fidwos's Book Emporium.
 24732 | Snake:4  | Found Enazunugg's Distillery.
 24741 | Snake:4  | Bought a potion of curing for 54 gold pieces
 24741 | Snake:4  | Bought a potion of curing for 54 gold pieces
 24741 | Snake:4  | Bought a potion of heal wounds for 90 gold pieces
 24741 | Snake:4  | Bought a potion of heal wounds for 90 gold pieces
 24937 | Snake:4  | Noticed a nagaraja
 24977 | Snake:4  | Killed a nagaraja
 25034 | Snake:4  | Reached XP level 16. HP: 66/91 MP: 24/24
 25171 | Snake:4  | Reached skill level 20 in Ranged Weapons
 25702 | Snake:4  | Identified the +1 robe of Fallacy {Rampage} (Okawaru gifted
                  | it to you on level 4 of the Snake Pit)
 25702 | Snake:4  | Received a gift from Okawaru
 25716 | Snake:4  | Got a serpentine rune of Zot
 26103 | Swamp:1  | Noticed Louise
 26119 | Swamp:1  | Killed Louise
 27095 | Swamp:2  | Noticed a thorn hunter
 27101 | Swamp:2  | Killed a thorn hunter
 27396 | Swamp:2  | Identified the +2 dagger "Paadd" {flame, rN+ Str+3}
 27446 | Swamp:2  | Reached skill level 15 in Fighting
 28308 | Swamp:2  | Killed from afar by a spriggan air mage

Illustrated notes

Levels and vault maps discovered:
D:1:      ebering_trefoil_twist, layout_basic, serial_shops,
          nicolae_diamond_shop, chequers_ecumenical_altar_twisty
D:2:      layout_basic, kennysheep_pointless_box, kennysheep_donut
D:3:      layout_basic, uniq_robin
D:4:      minmay_recursive_quarters, layout_loops_corners,
          lemuel_coloured_pillars_altar, gammafunk_ghost_split,
          minmay_tree_intersection, grunt_ministairs_15, uniq_menkaure
D:5:      layout_loops_ring, temple_fountains
D:6:      layout_rooms, uniq_maggie
D:7:      layout_loops_cross, serial_shops, shop, minmay_ruffians
D:8:      black_bear_nest_1, layout_loops_ring, david_lair_shrubbed, uniq_erica
D:9:      layout_basic, enter_bailey_4
D:10:     layout_rooms, statue_in_the_mist_lemuel, hive_lemuel
D:11:     layout_rooms, kennysheep_orc_monster_closet_entryway,
          ploomutoo_gammafunk_ghost_potion_laboratory
D:12:     layout_roguey, portal_ice_cave_entry_pillars_1, solitary_fountain,
          tso_altar, uniq_fannar
Temple:   nicolae_temple_panitentiary
Lair:1:   cheibrodos_lair_river_kwai, layout_regular_city
Lair:2:   layout_roguey, swamp_mist
Lair:3:   layout_loops_ring, minmay_snake_entry_six_corridors,
          ebering_ghost_reflecting_pool, grunt_megastairs_4, uniq_nessos
Lair:4:   layout_cave_shapes, gammafunk_ghost_abyssal_escape, lemuel_fruit_tree
Lair:5:   wormcave, layout_gridlike, nicolae_slime_entry_field_trip,
          basic_altar, lemuel_old_faithful
Swamp:1:  layout_basic_swamp, evilmike_swamp_ruin_rubble_2, swamp_pool2,
          nicolae_swamp_treefoil, lightli_tree_ring, uniq_louise
Swamp:2:  layout_falls_marsh, evilmike_swamp_ruin_house_1
Swamp:3:  layout_basic_swamp, evilmike_swamp_ruin_house_4, swamp_pool2
Snake:1:  layout_layer_cave, nicolae_snake_salamander_fort, minmay_shop_grove,
          uniq_aizul
Snake:2:  layout_gridlike, uniq_agnes
Snake:3:  layout_onion_interference, corexii_hall_statues_l,
          nicolae_snake_salamander_jacuzzi, uniq_mlioglotl, uniq_jorgrun
Snake:4:  grunt_snake_rune_pools, layout_layer_cave, serial_shops, shop, shop,
          nicolae_shop_industrial_runoff, nicolae_book_shop_shelving, shop,
          nicolae_shop_self_help
Orc:1:    layout_caves, basic_altar, mines5_lemuel
Orc:2:    st_orc_mages, layout_diamond_mine, gammafunk_ghost_cemetery,
          uniq_josephine

Skill      XL: |  1  2  3  4  5  6  7  8  9 10 11 12 13 14 15 16 |
---------------+-------------------------------------------------+-----
Fighting       | 2 3 4 5 7 8 9 10 11 13 15 | 15.0
Ranged Weapons | 5 6 7 8 10 12 14 15 16 17 18 19 20 | 20.7
Dodging        | 4 7 9 11 13 15 17 | 17.7
Invocations    | 2 4 6 8 9 |  9.4
Stealth        | |  1.5

Action                     |  1- 3 |  4- 6 |  7- 9 | 10-12 | 13-15 | 16-18 || total
---------------------------+-------+-------+-------+-------+-------+-------++-------
   Fire: Shortbow          |    52 |       |       |       |   637 |       ||   689
         Arbalest          |    23 |   160 |   217 |   670 |   633 |   316 ||  2019
 Invoke: Heroism           |       |       |       |     1 |     6 |     1 ||     8
         Finesse           |       |       |       |     1 |     4 |     1 ||     6
  Evoke: Wand              |       |       |       |       |       |     4 ||     4
    Use: Scroll            |       |     6 |     2 |    19 |    14 |     2 ||    43
         Potion            |       |       |     1 |     3 |    10 |     6 ||    20
 Armour: Robe              |       |    10 |     9 |    22 |     6 |     4 ||    51
  Dodge: Dodged            |    16 |    35 |    58 |   145 |   313 |   104 ||   671
  Block: Other             |       |       |    12 |    36 |    56 |    14 ||   118
         Reflection        |       |       |     1 |     1 |    11 |     4 ||    17
